 Dungeon Crawl Stone Soup version 0.31-a0-960-g0fca184906 (webtiles) character file.

Game seed: 10564019288146774929

66822 lunkers the Black Belt (level 16, -1/134 HPs)
             Began as a Meteoran Shapeshifter on Oct 23, 2023.
             Was the Champion of Okawaru.
             Slain by a harpy (8 damage)
             ... on level 4 of the Shoals.
             The game lasted 00:44:16 (9465 turns).

lunkers the Black Belt (Meteoran Shapeshifter)      Turns: 9465, Time: 00:44:16

Health: -1/134     AC: 15    Str: 17    XL:     16   Next: 11%
Magic:  0/23       EV: 18    Int: 12    God:    Okawaru [******]
Gold:   904        SH:  0    Dex: 21    Spells: 15/15 levels left

rFire   + +          .
                       - Unarmed
rCold   + . .        (shield currently unavailable)
rNeg    . . .        b - +1 chain mail {rF+}
rPois   .            O - +0 helmet
rElec   .            R - scarf {rC+ rF+}
rCorr   .            (no gloves)
SInv    .            C - +0 pair of boots
Will    ++...        g - amulet of guardian spirit Stlth
                     h - +4 ring of protection
HPRegen 0.42/turn    G - +5 ring of evasion
MPRegen 0.18/turn

%: guardian spirit
@: flux-form, on berserk cooldown, slowed, glowing, very slow
A: glow, contaminating, sense surroundings 2, otherworldly, glowing, explore
regen
a: Begin Untransformation, Renounce Religion, Heroism, Finesse, Duel, Receive
Weapon, Receive Armour


You were on level 4 of the Shoals.
You worshipped Okawaru.
Okawaru was exalted by your worship.
You were something dangerously unstable.
You visited 4 branches of the dungeon, and saw 20 of its levels.
You also visited: Sewer and Ossuary.

You collected 904 gold pieces.

Inventory:

Missiles
 a - a boomerang
 I - 7 atropa-tipped darts
 K - 2 curare-tipped darts
 P - 8 silver javelins
Armour
 b - a +1 chain mail of fire resistance (worn)
 C - a +0 pair of boots (worn)
 N - a +0 kite shield
 O - a +0 helmet (worn)
 R - a scarf of resistance (worn)
Jewellery
 g - an amulet of guardian spirit (around neck)
 h - a +4 ring of protection (left hand)
 o - a ring of resist corrosion
 w - a +6 ring of intelligence
 F - an amulet of magic regeneration
 G - a +5 ring of evasion (right hand)
 H - a ring of positive energy
 S - a ring of willpower
Talismans
 c - a beast talisman
 d - a flux talisman (active)
 B - the storm talisman of Pride {Str-3 Int+7}
   (You found it on level 5 of the Lair of Beasts)

   [storm talisman]

   Str-3:     It affects your strength (-3).
   Int+7:     It affects your intelligence (+7).
Wands
 k - a wand of polymorph (4)
 x - a wand of flame (34)
Scrolls
 e - 6 scrolls of blinking
 m - a scroll of vulnerability
 q - 3 scrolls of teleportation
 v - 5 scrolls of immolation
 y - 4 scrolls of enchant armour
 D - a scroll of revelation
 E - a scroll of amnesia
 J - 2 scrolls of fear
 L - 3 scrolls of identify
 M - a scroll of enchant weapon
Potions
 f - 3 potions of ambrosia
 i - 7 potions of curing
 j - a potion of invisibility
 l - 5 potions of brilliance
 p - 5 potions of mutation
 r - 2 potions of haste
 s - 2 potions of attraction
 t - 2 potions of enlightenment
 u - a potion of magic
 z - 7 potions of might
 A - 3 potions of lignification


   Skills:
 - Level 10.3 Fighting
 - Level 10.4 Dodging
 - Level 19.1 Unarmed Combat
 - Level 8.0 Invocations
 * Level 17.3 Shapeshifting


You had 15 spell levels left.
You didn't know any spells.
Your spell library contained the following spells:

 Spells                   Type           Power      Damage    Failure   Level
 Sandblast                Erth           0%         2d4       99%         1
 Cigotuvi's Dreadful Rot  Necr/Pois/Air  0%         N/A       99%         2
 Passwall                 Tmut/Erth      0%         N/A       99%         2
 Ignite Poison            Fire/Tmut/Pois 0%         N/A       100%        3
 Stone Arrow              Conj/Erth      0%         3d7       100%        3
 Brom's Barrelling Bould  Conj/Erth      0%         2d3       100%        4
 Freezing Cloud           Conj/Ice/Air   0%         6-21      100%        5
 Conjure Ball Lightning   Conj/Air       0%         3x3d6     100%        6
 Discord                  Hex            0%         N/A       100%        8
 Disjunction              Tloc           0%         N/A       100%        8
 Chain Lightning          Conj/Air       0%         N/A       100%        9
 Fire Storm               Conj/Fire      0%         5d1       100%        9
 Shatter                  Erth           0%         3d5*      100%        9


Dungeon Overview and Level Annotations

Branches:
Dungeon (10/15) Zot: 933   Temple (1/1) D:5 Zot: 573    Lair (5/5) D:10 Zot: 566
 Shoals (4/4) Lair:3 Zot: 1220   Slime (0/5) Lair:5        Sewer (visited)
Ossuary (visited)
  Snake: Lair:2-3    Spider: Lair:2-3       Orc: D:9-12

Altars:
Ashenzari
Elyvilon
Fedhas
Gozag
Hepliaklqana
Kikubaaqudgha
Makhleb
Nemelex Xobeh
Okawaru
Sif Muna
Trog
Uskayaw
Vehumet
Wu Jian
Xom
Yredelemnul
Zin
The Shining One
Jiyva
Lugonu

Shops:
D:6 (

Portals:
Abyss: Lair:5

Annotations:
Shoals:2 exclusion: oklob plant


Innate Abilities, Weirdness & Mutations

You are something dangerously unstable.
You glow with magical radiation, making you easy to see and hit.
Foes you strike become dangerously contaminated with magical radiation.
You are incapable of wielding weapons or throwing items.
You passively map the area around you.
You are easily found by Zot.
You glow in the dark.
You regain HP and MP as you explore.


Message History

The harpy barely misses you. The harpy misses you.
Unknown command.
The harpy claws you but does no damage. x2; The harpy closely misses you.
The harpy misses you.
You punch the harpy!
You kill the harpy!
Okawaru accepts your kill.
You feel like a meek peon again.
The harpy claws you but does no damage. x2; The harpy claws you!
* * * LOW MAGIC WARNING * * *
* * * LOW HITPOINT WARNING * * *
The harpy misses you.
You hit the harpy but do no damage.
The harpy begins to glow.
The harpy is heavily wounded.
The harpy claws you.
* * * LOW MAGIC WARNING * * *
* * * LOW HITPOINT WARNING * * *
The harpy misses you.
Unknown command.
You punch the harpy!
The harpy glows dangerously bright.
The harpy is severely wounded.
The harpy completely misses you. The harpy claws you but does no damage.
Unknown command.
The harpy closely misses you. The harpy claws you.
* * * LOW MAGIC WARNING * * *
* * * LOW HITPOINT WARNING * * *
You see here a wind drake corpse.
Unknown command.
You barely miss the harpy.
The harpy is severely wounded.
The harpy claws you but does no damage. The harpy claws you.
* * * LOW MAGIC WARNING * * *
* * * LOW HITPOINT WARNING * * *
Unknown command.
The harpy misses you. The harpy completely misses you.
You punch the harpy!
The harpy glows dangerously bright.
The harpy is almost dead.
The harpy completely misses you. The harpy claws you!
* * * LOW MAGIC WARNING * * *
You die...

~~ ~ ~~~~~≈≈≈≈≈≈≈≈≈≈≈≈ ~
~ ~
~~~~~~~~~~≈≈~~~~~≈≈≈≈ ~~
...~~~~~~~~~~~~~~~≈≈≈ ~~
~ ...~~~~~~~~~~..~~~≈≈≈~
#....~~...~~~...P~P≈≈~ ~
##..........~##P~P~≈≈ ~
,~~,
........###†..##.~~≈≈ ~
~
,,...#.....†.†...P.~P~≈~
~ ,
,.......<...pH.P.P~P~≈ ,
......†..†....P...~~≈ ~
,, ...................~≈
, ,,...............P...~
, .........P.......P.~ ~
, ........PP.......... ~
~~ ~
.........P.......... ~
..................., , *
,, , , , * ,


You could see a harpy (heavy contam).

Vanquished Creatures
  Snorg (Lair:4)
  2 entropy weavers (shapeshifter)
  3 merfolk avatars
  4 hydras
  5 death yaks (Lair:5)
  2 boulder beetles
  An alligator snapping turtle (Shoals:2)
  A two-headed ogre (D:7)
  4 thrashing horrors (Lair:5)
  5 skysharks
  3 sea snakes (Shoals:2)
  21 harpies
  Pikel (D:8)
  3 manticores (Shoals:2)
  3 ugly things
  A large abomination (Lair:5)
  A moth of wrath (D:8)
  9 elephants
  6 black mambas
  2 merfolk sirens
  3 water nymphs
  Joseph (D:9)
  2 smoke demons (Lair:5)
  10 cane toads
  6 komodo dragons
  A rime drake (Lair:5)
  5 merfolk (Shoals:2)
  3 polar bears
  14 blink frogs (Lair:5)
  A hornet (shapeshifter) (Lair:5)
  Prince Ribbit (D:8)
  2 wind drakes
  A hornet (D:9)
  2 raiju (Lair:5)
  3 snapping turtles (Shoals:2)
  Sigmund (D:4)
  A water elemental (Shoals:2)
  3 wyverns
  2 wraiths
  6 basilisks
  7 small abominations (Lair:5)
  75 yaks
  A ynoxinul (Lair:5)
  A steam dragon (shapeshifter) (Lair:5)
  A steam dragon (D:6)
  Grum (D:8)
  Edmund (D:4)
  2 acid dragons
  10 water moccasins
  2 orc warriors
  2 ice beasts
  A black bear (D:8)
  An ogre (D:5)
  13 wolves
  2 centaurs
  3 kobold brigands
  4 bullfrogs
  Blork the orc (D:4)
  A gnoll sergeant (D:9)
  4 scorpions
  A water moccasin zombie (D:3)
  11 wights
  2 howler monkeys (D:7)
  2 human zombies (Ossuary)
  3 jellies
  3 orc priests
  A gnoll bouda (Lair:3)
  2 hounds (D:5)
  3 iguanas
  A sleepcap (D:5)
  Jessica (D:2)
  6 orc wizards
  Terence (D:3)
  A scorpion zombie (D:3)
  A centaur simulacrum (D:9)
  3 mummies (Ossuary)
  Robin (D:2)
  7 gnolls
  9 adders
  2 ufetubi (D:7)
  3 worms (D:4)
  27 orcs
  A ball python (D:4)
  7 endoplasms
  4 giant cockroaches
  A gnoll zombie (Ossuary)
  17 goblins
  10 hobgoblins
  6 jackals (D:4)
  5 quokkas
  5 bats
  3 frilled lizards
  2 goblin zombies
  3 hobgoblin zombies (Ossuary)
  21 kobolds
  An orc zombie (Ossuary)
  A quokka zombie (D:3)
  6 rats
  A rat zombie (D:5)
464 creatures vanquished.

Vanquished Creatures (others)
  A harpy (Shoals:4)
  A human (D:9)
  A jelly (D:6)
3 creatures vanquished.

Grand Total: 467 creatures vanquished

Notes
Turn   | Place    | Note
-------+----------+-------------------------------------------
     0 | D:1      | lunkers the Meteoran Shapeshifter began the quest for the
                  | Orb.
     0 | D:1      | Reached XP level 1. HP: 16/16 MP: 2/2
    40 | D:1      | Reached skill level 4 in Unarmed Combat
    40 | D:1      | Reached XP level 2. HP: 16/23 MP: 3/3
   306 | D:2      | Reached XP level 3. HP: 26/27 MP: 4/4
   434 | D:2      | Reached XP level 4. HP: 35/35 MP: 5/5
   566 | D:2      | Noticed Robin
   580 | D:2      | Reached skill level 5 in Unarmed Combat
   604 | D:2      | Killed Robin
   793 | D:2      | Noticed Jessica
   796 | D:2      | Killed Jessica
   797 | D:2      | Reached XP level 5. HP: 37/40 MP: 6/6
   819 | D:2      | Found a blossoming altar of Fedhas.
   972 | D:3      | Found a basalt altar of Yredelemnul.
  1000 | D:3      | Reached skill level 6 in Unarmed Combat
  1000 | D:3      | Reached XP level 6. HP: 20/47 MP: 7/7
  1028 | D:3      | Reached skill level 5 in Shapeshifting
  1076 | D:3      | Identified the +3 trident of Bankruptcy {freeze, Str+3
                  | Int+4}
  1292 | D:3      | Noticed Terence
  1299 | D:3      | Killed Terence
  1630 | D:4      | Found a glowing drain.
  1646 | Sewer    | Entered a sewer
  1670 | Sewer    | Noticed a water moccasin
  1685 | Sewer    | Killed a water moccasin
  1686 | Sewer    | Reached skill level 7 in Unarmed Combat
  1686 | Sewer    | Reached XP level 7. HP: 45/52 MP: 8/8
  1855 | D:4      | Noticed Blork the orc
  1863 | D:4      | Killed Blork the orc
  1962 | D:4      | Noticed Sigmund
  1972 | D:4      | Killed Sigmund
  1973 | D:4      | Reached skill level 8 in Unarmed Combat
  2000 | D:4      | Reached XP level 8. HP: 56/59 MP: 9/9
  2226 | D:4      | Noticed Edmund
  2234 | D:4      | Reached skill level 9 in Unarmed Combat
  2244 | D:4      | Killed Edmund
  2246 | D:4      | HP: 2/59 [gnoll/+0 club (2)]
  2455 | D:5      | Entered Level 5 of the Dungeon
  2508 | D:5      | HP: 1/59 [hound (3)]
  2515 | D:5      | Found a staircase to the Ecumenical Temple.
  2523 | D:5      | Found a sand-covered staircase.
  2540 | Ossuary  | Entered an ossuary
  2612 | Ossuary  | Reached skill level 10 in Unarmed Combat
  2867 | Temple   | Entered the Ecumenical Temple
  2881 | Temple   | Became a worshipper of Warmaster Okawaru
  3057 | D:4      | Gained mutation: You passively map the area around you.
                  | [Meteoran growth]
  3057 | D:4      | Reached XP level 9. HP: 64/64 MP: 10/10
  3370 | D:5      | Glimpsed the power of Zot.
  3373 | D:5      | Reached skill level 11 in Unarmed Combat
  3730 | D:6      | Found a white marble altar of Elyvilon.
  3731 | D:6      | Found a burning altar of Makhleb.
  3810 | D:6      | Found Ugemic's Antique Weapon Boutique.
  3852 | D:6      | Reached * piety under Okawaru
  3976 | D:7      | Reached skill level 12 in Unarmed Combat
  4019 | D:7      | Found an ornate altar of the Wu Jian Council.
  4117 | D:7      | Reached XP level 10. HP: 67/71 MP: 9/11
  4222 | D:7      | Found a radiant altar of Vehumet.
  4281 | D:7      | Reached skill level 1 in Invocations
  4292 | D:7      | Noticed a two-headed ogre
  4298 | D:7      | Killed a two-headed ogre
  4298 | D:7      | Reached ** piety under Okawaru
  4315 | D:8      | Noticed Pikel
  4325 | D:8      | Noticed Prince Ribbit
  4332 | D:8      | Killed Pikel
  4333 | D:8      | Reached skill level 13 in Unarmed Combat
  4340 | D:8      | Killed Prince Ribbit
  4364 | D:8      | Reached *** piety under Okawaru
  4383 | D:8      | Noticed a two-headed ogre
  4534 | D:8      | a two-headed ogre changed into a moth of wrath
  4534 | D:8      | Noticed a moth of wrath
  4541 | D:8      | Killed a moth of wrath
  4541 | D:8      | Reached **** piety under Okawaru
  4650 | D:8      | Reached XP level 11. HP: 83/83 MP: 15/15
  4654 | D:8      | Noticed Grum
  4669 | D:8      | Killed Grum
  4693 | D:8      | Found a bloodstained altar of Trog.
  4831 | D:9      | Reached skill level 14 in Unarmed Combat
  4833 | D:9      | Reached skill level 5 in Dodging
  4833 | D:9      | Reached skill level 5 in Invocations
  4840 | D:9      | Found a hazy altar of Hepliaklqana.
  4844 | D:9      | Found a hide-covered altar of Uskayaw.
  4864 | D:9      | Found an ancient bone altar of Kikubaaqudgha.
  4915 | D:9      | Noticed an entropy weaver
  4927 | D:9      | Killed an entropy weaver
  4934 | D:9      | Noticed Joseph
  4941 | D:9      | Reached skill level 5 in Fighting
  4942 | D:9      | Noticed a green ugly thing
  4951 | D:9      | HP: 2/86 [poisoned by a green ugly thing]
  4954 | D:9      | Killed a green ugly thing
  4955 | D:9      | Reached skill level 10 in Shapeshifting
  4962 | D:9      | Killed Joseph
  4962 | D:9      | Reached ***** piety under Okawaru
  5008 | D:9      | Found a glowing golden altar of the Shining One.
  5066 | D:9      | Found a blossoming altar of Fedhas.
  5214 | D:10     | Entered Level 10 of the Dungeon
  5232 | D:10     | Received a gift from Okawaru
  5233 | D:10     | Reached XP level 12. HP: 95/95 MP: 17/17
  5237 | D:10     | Reached skill level 15 in Unarmed Combat
  5403 | D:10     | Found a glowing silver altar of Zin.
  5446 | D:10     | Found a staircase to the Lair.
  5629 | Lair:1   | Entered Level 1 of the Lair of Beasts
  5641 | Lair:1   | Noticed a boulder beetle
  5662 | Lair:1   | Killed a boulder beetle
  5899 | Lair:2   | Found a broken altar of Ashenzari.
  5991 | Lair:2   | Received a gift from Okawaru
  6033 | Lair:2   | Reached skill level 16 in Unarmed Combat
  6039 | Lair:2   | Noticed a six-headed hydra
  6051 | Lair:2   | Killed a six-headed hydra
  6051 | Lair:2   | Reached ****** piety under Okawaru
  6069 | Lair:2   | Reached XP level 13. HP: 53/105 MP: 12/20
  6163 | Lair:3   | Found a staircase to the Shoals.
  6255 | Lair:3   | Received a gift from Okawaru
  6286 | Lair:3   | Noticed a boulder beetle
  6314 | Lair:3   | Killed a boulder beetle
  6365 | Lair:3   | Identified the +0 chain mail "Wuujiat" {rF+}
  6656 | Lair:4   | Reached skill level 17 in Unarmed Combat
  6668 | Lair:4   | Received a gift from Okawaru
  6687 | Lair:4   | Noticed a six-headed hydra
  6693 | Lair:4   | Killed a six-headed hydra
  6856 | Lair:4   | Noticed Snorg
  6870 | Lair:4   | Killed Snorg
  6879 | Lair:4   | Noticed a six-headed hydra
  6885 | Lair:4   | Received a gift from Okawaru
  6893 | Lair:4   | Killed a six-headed hydra
  6894 | Lair:4   | Reached XP level 14. HP: 43/116 MP: 8/21
  6941 | Lair:5   | Entered Level 5 of the Lair of Beasts
  7040 | Lair:5   | Reached skill level 18 in Unarmed Combat
  7182 | Lair:5   | Received a gift from Okawaru
  7250 | Lair:5   | Found a viscous altar of Jiyva.
  7250 | Lair:5   | Found a staircase to the Slime Pits.
  7613 | Lair:5   | Reached skill level 10 in Dodging
  7754 | Lair:5   | Reached skill level 10 in Fighting
  7758 | Lair:5   | Paralysed by a hornet for 1 turns
  7760 | Lair:5   | Received a gift from Okawaru
  7778 | Lair:5   | Reached skill level 19 in Unarmed Combat
  7846 | Lair:5   | Reached XP level 15. HP: 47/126 MP: 10/22
  7850 | Lair:5   | Found a corrupted altar of Lugonu.
  7850 | Lair:5   | Found a one-way gate to the infinite horrors of the Abyss.
  7863 | Lair:5   | Identified the storm talisman of Pride {Str-3 Int+7}
  8075 | Lair:5   | Received a gift from Okawaru
  8322 | Shoals:1 | Entered Level 1 of the Shoals
  8403 | Shoals:2 | Received a gift from Okawaru
  8472 | Shoals:2 | Reached skill level 15 in Shapeshifting
  8573 | Shoals:2 | Found an ornate altar of the Wu Jian Council.
  8904 | Shoals:2 | Received a gift from Okawaru
  9069 | Shoals:2 | HP: 5/126 [harpy (4)]
  9306 | Shoals:2 | HP: 5/126 [manticore (4)]
  9353 | Shoals:2 | Reached XP level 16. HP: 12/134 MP: 3/23
  9418 | Shoals:4 | Entered Level 4 of the Shoals
  9463 | Shoals:4 | HP: 6/134 [harpy (2)]
  9465 | Shoals:4 | Slain by a harpy

Illustrated notes

Levels and vault maps discovered:
D:1:      minmay_arrival_four_houses, layout_basic, minivault_11,
          nicolae_eternal_life
D:2:      minmay_chambers_of_twos, layout_basic, basic_altar,
          kennysheep_generic_room_7, uniq_robin, uniq_jessica
D:3:      layout_loops_ring, nicolae_yredelemnul_corpse_copse, uniq_terence
D:4:      layout_cave_pods, cheibrodos_sewer_entry_bend, minmay_joined_circles,
          uniq_sigmund, uniq_edmund, uniq_blork_the_orc
D:5:      layout_rooms, temple_statues, enter_ossuary_4, saegor_snake_ambush
D:6:      layout_basic, nicolae_dithmenos_the_darkroom,
          mainiacjoe_overflow_divided_tiny, serial_shops,
          nicolae_shop_real_fake_doors, uniq_duvessa, uniq_maggie
D:7:      layout_loops_ring, nicolae_wu_jian_immortal_techniques,
          vehumet_crystals
D:8:      layout_cave_pools, mainiacjoe_overflow_cross_hatched,
          nicolae_ru_the_path_less_chosen, uniq_amaemon, uniq_pikel, uniq_grum,
          uniq_prince_ribbit1
D:9:      layout_loops_ring, minitemple, mainiacjoe_overflow_alcove_1,
          tgw_kikubaaqudgha, mainiacjoe_overflow_alcove_2,
          nicolae_tso_carved_into_rock, fedhas_altar_1,
          kennysheep_orc_monster_closet_entryway, kb_rosetta, uniq_harold,
          uniq_joseph, uniq_psyche
D:10:     layout_loops_ring, mainiacjoe_overflow_concentric_impassable,
          lair_entry_dummy, kennysheep_pointless_box, minmay_variable_closet,
          corexii_corridor_pit, uniq_nergalle
Temple:   nicolae_temple_stand_before_the_council
Lair:1:   layout_gridlike, enter_volcano_3, minivault_19
Lair:2:   layout_chaotic_city, spider_nest_entry_funnel_web, basic_altar,
          serial_bayou_shore_a, lemuel_fruit_tree
Lair:3:   layout_cave_pods, shoals_dummy_entry, grunt_forest_small_clearings,
          grunt_forest_stairs_basic, dreamdust_gnoll_shepherd
Lair:4:   layout_roguey, grunt_megastairs_1, uniq_urug, uniq_snorg, uniq_kirke
Lair:5:   hellmonk_lair_end_abyssal_woods, layout_cave_pods, slime_entry_1,
          st_stairs_10
Shoals:1: layout_shoals, yaktaur_hedge
Shoals:2: layout_shoals, lemuel_oklob_altar
Shoals:3: layout_shoals, nicolae_shoals_drake_roost
Shoals:4: shoals_end_grunt_ice, layout_shoals, nicolae_shoals_sun_and_surf

Skill      XL: |  1  2  3  4  5  6  7  8  9 10 11 12 13 14 15 16 |
---------------+-------------------------------------------------+-----
Unarmed Combat | 4 5 6 7 8 10 12 13 14 16 17 19 | 19.1
Shapeshifting  | 4 5 6 7 8 9 10 11 12 13 16 17 | 17.3
Invocations    | 4 6 8 |  8.0
Fighting       | 3 5 7 8 10 | 10.3
Dodging        | 4 6 7 9 10 | 10.4

Action                     |  1- 3 |  4- 6 |  7- 9 | 10-12 | 13-15 | 16-18 || total
---------------------------+-------+-------+-------+-------+-------+-------++-------
  Melee: Unarmed           |    60 |   116 |   281 |   462 |   882 |    52 ||  1853
         Punch             |     1 |     1 |    19 |     9 |       |       ||    30
 Invoke: Heroism           |       |       |       |     1 |     9 |     1 ||    11
  Evoke: Wand              |       |       |     4 |     4 |    10 |       ||    18
    Use: Potion            |       |     2 |       |     2 |     6 |     1 ||    11
         Scroll            |       |       |    19 |     7 |     2 |       ||    28
 Armour: Animal skin       |    33 |    30 |       |       |       |       ||    63
         Skin              |       |    27 |       |       |       |       ||    27
         Chain mail        |       |    18 |   201 |   322 |   704 |    90 ||  1335
  Dodge: Dodged            |    41 |    53 |   105 |   214 |   836 |   161 ||  1410
   Form: Flux              |       |       |       |     1 |       |       ||     1

Table legend: (Time is in decaauts)
 A = Elapsed time spent in this place.
 B = Non-inter-level travel time spent in this place.
 C = Inter-level travel time spent in this place.
 D = Time resting spent in this place.
 E = Time spent auto-exploring this place.
 F = Levels seen in this place.
 G = Mean time per level.
                   A        B        C        D        E       F      G
               +--------+--------+--------+--------+--------+-----+--------+
         Total |   9101 |   8351 |    750 |    117 |   4007 |  22 |  413.7 |
       Dungeon |   5066 |   4802 |    264 |     41 |   2971 |  10 |  506.6 |
        Temple |     26 |     14 |     12 |      0 |      0 |   1 |   26.0 |
          Lair |   2433 |   2196 |    237 |      0 |    872 |   5 |  486.6 |
        Shoals |   1179 |    942 |    237 |      0 |      0 |   4 |  294.8 |
         Sewer |    160 |    160 |      0 |     76 |     41 |   1 |  160.0 |
       Ossuary |    235 |    235 |      0 |      0 |    123 |   1 |  235.0 |
               +--------+--------+--------+--------+--------+-----+--------+

Top non-repeatable levels by time:
  Lair:5: 1181 daAuts
     D:4: 1034 daAuts
Shoals:2: 1025 daAuts
     D:2: 649 daAuts
     D:3: 586 daAuts
     D:6: 502 daAuts
  Lair:3: 481 daAuts
     D:8: 454 daAuts
  Lair:2: 405 daAuts
    D:10: 397 daAuts
     D:9: 391 daAuts
     D:5: 382 daAuts
     D:7: 374 daAuts
     D:1: 294 daAuts
  Lair:4: 277 daAuts
